 Dungeon Crawl Stone Soup version 0.30-a0-241-g1121274140 (webtiles) character file.

Game seed: 17299598702192081544

1231 910rd the Cleaver (level 8, 0/49 HPs)
             Began as a Gargoyle Fighter on Oct 10, 2022.
             Splashed by a jelly's acid (10 damage)
             ... on level 6 of the Dungeon on Oct 11, 2022.
             The game lasted 00:11:00 (5265 turns).

910rd the Cleaver (Gargoyle Fighter)                Turns: 5265, Time: 00:11:01

Health: 0/49       AC:  4    Str: 22    XL:     8   Next: 48%
Magic:  17/17      EV:  9    Int:  9    God:
Gold:   157        SH:  4    Dex:  9    Spells: 7/7 levels left

rFire   . . .      SeeInvis .    a - +0 war axe (vorpal)
rCold   + . .      Faith    .    c - +0 buckler
rNeg    + . .      Spirit   .    b - +0 scale mail
rPois   ∞          Reflect  .    (no helmet)
rElec   +          Harm     .    (no cloak)
rCorr   .          Rampage  .    (no gloves)
Will    .....                    (no boots)
Stlth   ..........               p - amulet of magic regeneration
HPRegen 0.28/turn                r - ring of magical power
MPRegen 0.55/turn                F - ring of protection from cold

@: corroded
A: sickness immunity, AC +5, negative energy resistance 1, electricity
resistance, torment resistance 1, petrification resistance
a: no special abilities


You were on level 6 of the Dungeon.
You visited 1 branch of the dungeon, and saw 6 of its levels.

You collected 262 gold pieces.
You spent 105 gold pieces at shops.

Inventory:

Hand Weapons
 a - a +0 vorpal war axe (weapon)
 g - a +1 vampiric hand axe
 z - a +0 dagger of draining
Missiles
 h - 6 atropa-tipped darts (quivered)
 t - 2 throwing nets
 u - 5 poisoned darts
 v - 6 curare-tipped darts
 C - a boomerang
 D - a javelin
Armour
 b - a +0 scale mail (worn)
 c - a +0 buckler (worn)
 x - a +0 kite shield
Jewellery
 p - an amulet of magic regeneration (around neck)
 r - a ring of magical power (left hand)
 F - a ring of protection from cold (right hand)
Wands
 s - a wand of paralysis (8)
 y - a wand of quicksilver (7)
 E - a wand of flame (16)
Scrolls
 j - a scroll of teleportation
 l - a scroll of brand weapon
 w - 2 scrolls of blinking
 B - a scroll of noise {unknown}
Potions
 d - 3 potions of might
 e - 2 potions of degeneration
 f - a potion of magic
 i - a potion of haste
 k - a potion of cancellation
 m - a potion of mutation {unknown}
 n - a potion of ambrosia {unknown}
 o - 2 potions of curing
 q - 3 potions of brilliance
 A - a potion of lignification {unknown}


   Skills:
 - Level 5.0 Fighting
 - Level 8.0 Axes
 - Level 4.0 Armour
 - Level 4.0 Shields
 + Level 1.8 Evocations


You had 7 spell levels left.
You didn't know any spells.
Your spell library contained the following spells:

 Spells                   Type           Power      Damage    Failure   Level
 Inner Flame              Hex/Fire       0%         N/A       99%         3
 Ozocubu's Armour         Ice            0%         N/A       99%         3
 Cause Fear               Hex            0%         N/A       100%        4
 Metabolic Englaciation   Hex/Ice        0%         N/A       100%        5
 Simulacrum               Ice/Necr       0%         N/A       100%        6
 Discord                  Hex            0%         N/A       100%        8


Dungeon Overview and Level Annotations

Branches:
Dungeon (6/15) Zot: 26394
 Temple: D:4-7

Altars:
Gozag
Kikubaaqudgha
Ru
Trog

Shops:
D:2 ?   D:6 (

Annotations:
D:2 1 runed translucent door, Crazy Yiuf
D:6 exclusion: oklob plant


Innate Abilities, Weirdness & Mutations

You are immune to sickness and miasma.
Your stone body is resilient. (AC +5)
You are immune to poison.
You resist negative energy. (rN+)
You are resistant to electric shocks. (rElec)
You are resistant to unholy torment.
You are immune to petrification.


Message History

You barely miss the endoplasm. The endoplasm barely misses you.
You hit the endoplasm but do no damage.
The endoplasm hits you but does no damage.
You slash the endoplasm!
You kill the endoplasm!
The jelly hits you. The acid corrodes you!
You are splashed with acid.
You take 7 damage, and have 35/49 hp.
You slash the jelly!
Your hands burn!
* * * LOW HITPOINT WARNING * * *
The jelly is almost dead.
You block the jelly's attack.
You take 1 damage, and have 34/49 hp.
You completely miss the jelly.
The jelly is almost dead.
The jelly hits you but does no damage.
You slash the endoplasm!
You kill the endoplasm!
You hit the jelly but do no damage.
Your hands burn!
* * * LOW HITPOINT WARNING * * *
The jelly is almost dead.
The jelly hits you.
* * * LOW HITPOINT WARNING * * *
You are splashed with acid!
* * * LOW HITPOINT WARNING * * *
You are too injured to fight recklessly!
You take 15 damage, and have 20/49 hp.
MASSIVE DAMAGE!!
You are too injured to fight recklessly!
You hit the jelly.
You kill the jelly!
You hit the jelly but do no damage. The acid corrodes you!
Your hands burn!
* * * LOW HITPOINT WARNING * * *
You block the jelly's attack.
You take 5 damage, and have 15/49 hp.
You slash the jelly!
Your hands burn!
* * * LOW HITPOINT WARNING * * *
The jelly is almost dead.
The jelly hits you.
* * * LOW HITPOINT WARNING * * *
You are splashed with acid!
You die...

# #...........# ...
###......####
...........#######.#.######
............................
.............#.#.#...#.##.##
.... .##....#.#....##.##.#
... #....#.#J..J...##.#
#.########.#.#J###J####.#
###.#......#.#.#@# #'# #.##
..#.∩.....(#.#.#.#


JJJ ##.. #...#......#.#.#.##JJJ##..# ##..######## #.#.#J.JP.#..# ##.........
#...#JPP.J#.<# ##.#########.###JJPJJ#.## #....##.....# ##JJJ##.......#
####.....#..# ######### #....>...# You could see a jelly and an endoplasm.

Vanquished Creatures
  A sky beast (D:6)
  2 ogres
  A phantom (D:6)
  A bullfrog (D:6)
  2 scorpions (D:5)
  2 vampire bats (D:3)
  A howler monkey (D:6)
  3 jellies
  3 hounds
  An orc priest (D:5)
  2 orc wizards
  16 gnolls
  4 adders
  2 ufetubi
  23 orcs
  2 ball pythons (D:2)
  3 bats
  2 bat skeletons (D:3)
  4 bat zombies (D:3)
  13 endoplasms
  3 giant cockroaches
  5 hobgoblins
  4 jackals (D:1)
  7 kobolds
  5 quokkas
  3 training dummies (D:6)
  13 frilled lizards
  3 goblins
  5 rats
136 creatures vanquished.

Vanquished Creatures (others)
  3 fungi (D:6)
  A plant (D:2)
4 creatures vanquished.

Grand Total: 140 creatures vanquished

Notes
Turn   | Place    | Note
-------+----------+-------------------------------------------
     0 | D:1      | 910rd the Gargoyle Fighter began the quest for the Orb.
     0 | D:1      | Reached XP level 1. HP: 14/14 MP: 1/1
     0 | D:1      | Noticed a demonspawn zombie
    15 | D:1      | Noticed a merfolk zombie
    19 | D:1      | Noticed a demonspawn zombie
    41 | D:1      | Upgraded the game from 0.30-a0-234-g97d66968fd to
                  | 0.30-a0-241-g1121274140
   219 | D:1      | Reached XP level 2. HP: 18/19 MP: 2/2
   260 | D:1      | Reached skill level 2 in Axes
   667 | D:2      | Reached XP level 3. HP: 18/24 MP: 3/3
   717 | D:2      | Found Saelap's Magic Scroll Shop.
   988 | D:2      | Reached XP level 4. HP: 29/29 MP: 4/4
  1202 | D:2      | Found a runed translucent door.
  1203 | D:2      | Noticed Crazy Yiuf
  2176 | D:3      | Found an ancient bone altar of Kikubaaqudgha.
  2184 | D:3      | Reached XP level 5. HP: 32/34 MP: 5/5
  2190 | D:3      | Reached skill level 5 in Fighting
  2319 | D:3      | Found a bloodstained altar of Trog.
  2319 | D:3      | Found a sacrificial altar of Ru.
  2516 | D:3      | Reached skill level 3 in Axes
  2750 | D:4      | Reached XP level 6. HP: 40/40 MP: 6/6
  2926 | D:2      | Bought a scroll of blinking for 105 gold pieces
  3010 | D:4      | Reached skill level 4 in Axes
  3497 | D:5      | Entered Level 5 of the Dungeon
  3858 | D:5      | Found an opulent altar of Gozag.
  4018 | D:5      | Reached skill level 5 in Axes
  4018 | D:5      | Reached XP level 7. HP: 42/44 MP: 7/7
  4216 | D:5      | Reached skill level 6 in Axes
  4685 | D:6      | Reached skill level 7 in Axes
  4685 | D:6      | Reached XP level 8. HP: 35/49 MP: 8/8
  4939 | D:6      | Found Voacaaf's Firing Range.
  5136 | D:6      | Reached skill level 8 in Axes
  5233 | D:6      | Noticed an oklob plant
  5246 | D:6      | Reached skill level 1 in Evocations
  5265 | D:6      | Splashed by a jelly's acid

Illustrated notes

Levels and vault maps discovered:
D:1:      shiori_arrival_whats_in_store_for_you, layout_basic
D:2:      layout_basic, serial_shops, shop, serial_forest,
          infiniplex_forest_split, infiniplex_forest_clump_small,
          infiniplex_forest_lined_2, infiniplex_forest_lined_2,
          infiniplex_forest_clump_long, infiniplex_forest_corner_1,
          infiniplex_forest_lined_1, minmay_lizard_pond, uniq_crazy_yiuf_cottage
D:3:      layout_loops_ring, kennysheep_vampire_church,
          nicolae_overflow_hidden_temple, amcnicky_mini_pool_small
D:4:      layout_basic
D:5:      layout_basic, mainiacjoe_overflow_alcove_4
D:6:      lemuel_slime, layout_basic, minmay_temple_entry_poolview,
          nicolae_shop_firing_range

Skill      XL: |  1  2  3  4  5  6  7  8 |
---------------+-------------------------+-----
Axes           | 2 3 5 7 8 |  8.0
Fighting       | 4 5 |  5.0
Armour         | 4 |  4.0
Shields        | 4 |  4.0
Evocations     | 1 |  1.8

Action                   |  1- 3 |  4- 6 |  7- 9 || total
-------------------------+-------+-------+-------++-------
Melee: War axe           |    81 |   188 |   108 ||   377
  Use: Scroll            |       |     9 |     2 ||    11
Armor: Scale mail        |    67 |   146 |    49 ||   262
Dodge: Dodged            |    38 |   149 |    46 ||   233
Block: Buckler           |    27 |    75 |    20 ||   122

Table legend: (Time is in decaauts)
 A = Elapsed time spent in this place.
 B = Non-inter-level travel time spent in this place.
 C = Inter-level travel time spent in this place.
 D = Time resting spent in this place.
 E = Time spent auto-exploring this place.
 F = Levels seen in this place.
 G = Mean time per level.
                   A        B        C        D        E       F      G
               +--------+--------+--------+--------+--------+-----+--------+
         Total |   5398 |   4905 |    493 |    382 |   3419 |   6 |  899.7 |
       Dungeon |   5398 |   4905 |    493 |    382 |   3419 |   6 |  899.7 |
               +--------+--------+--------+--------+--------+-----+--------+

Top non-repeatable levels by time:
     D:3: 1239 daAuts
     D:2: 1107 daAuts
     D:5: 1072 daAuts
     D:4: 898 daAuts
     D:1: 563 daAuts
     D:6: 518 daAuts
